 Dungeon Crawl Stone Soup version 0.25.1-2-g60ff931df9 (webtiles) character file.

Game seed: 17294214924745968087

67 Johnny the Digger (level 3, 0/26 HPs)
             Began as a Demigod Earth Elementalist on Oct 31, 2020.
             Slain by Sigmund
             ... wielding a +0 scythe
              (12 damage)
             ... on level 2 of the Dungeon.
             The game lasted 00:01:50 (2250 turns).

Johnny the Digger (Demigod Earth Elementalist)      Turns: 2250, Time: 00:01:51

Health: 0/26       AC:  5    Str: 11    XL:     3   Next: 72%
Magic:  0/9        EV: 11    Int: 21    God:
Gold:   29         SH:  0    Dex: 16    Spells: 5/6 levels left

rFire    . . .     SeeInvis .   a - +0 mace
rCold    . . .     Gourm    .   (no shield)
rNeg     . . .     Faith    .   e - +0 ring mail
rPois    .         Spirit   .   (no helmet)
rElec    .         Reflect  .   (no cloak)
rCorr    +         Harm     .   (no gloves)
MR       .....                  (no boots)
Stlth    ++........             (no amulet)
HPRegen  0.08/turn              m - ring of stealth
MPRegen  0.11/turn              n - ring of resist corrosion

@: brilliant, stab, very slightly contaminated, hasted, very quick
A: high mp 1
a: no special abilities


You were on level 2 of the Dungeon.
You were not hungry.

You visited 1 branch of the dungeon, and saw 2 of its levels.

You collected 29 gold pieces.

Inventory:

Hand Weapons
 a - a +0 mace (weapon)
Missiles
 b - 47 stones (quivered)
Armour
 c - a +0 robe
 e - a +0 ring mail (worn)
 i - a +0 kite shield
Jewellery
 m - a ring of stealth (left hand)
 n - a ring of resist corrosion (right hand)
Scrolls
 f - a scroll of random uselessness {unknown}
 j - a scroll of fog {unknown}
 l - a scroll of remove curse {unknown}
 q - a scroll of enchant armour {unknown}
Potions
 p - a potion of resistance {unknown}
 r - a potion of heal wounds {unknown}
Comestibles
 d - 3 rations


   Skills:
 - Level 1.7 Dodging
 - Level 1.7 Stealth
 + Level 0.9 Shields
 + Level 2.4 Spellcasting
   Level 0.8 Transmutations
 * Level 3.8 Earth Magic


You had 5 spell levels left.
You knew the following spells:

 Your Spells              Type           Power        Failure   Level  Hunger
a - Sandblast             Erth           ####..       7%          1    None

Your spell library contained the following spells:

 Spells                   Type           Power        Failure   Level  Hunger
 Passwall                 Tmut/Erth      ###.....     21%         2    None
 Stone Arrow              Conj/Erth      ###...       43%         3    None
 Petrify                  Tmut/Erth      ###.....     78%         4    None
 Lee's Rapid Deconstruct  Erth           ####......   89%         5    None


Dungeon Overview and Level Annotations

Branches:
Dungeon (2/15)

Annotations:
D:2 Sigmund


Innate Abilities, Weirdness & Mutations

You have an increased reservoir of magic. (+10% MP)


Message History

* * * LOW HITPOINT WARNING * * *
You see here a worm corpse.
Okay, then.
Okay, then.
You aren't carrying any items that you can evoke.
Unknown command.
Okay, then.
Okay, then.
It was a potion of haste.
You feel yourself speed up.
It was a potion of curing.
You feel better.
You hear some strange, mumbled words.
A puff of flame appears from out of thin air!
The puff of flame hits you.
Okay, then.
It was a potion of stabbing.
You feel ready to backstab.
It was a potion of brilliance.
You feel clever all of a sudden. Something hits you!
You die...

###.#########. ###.#
#............. #.#
#.<........... #.#
#............#. #.#
#............#.. #.#
#........?...##.###.#
#...................#
#########{##...........#
#......@...............#
#......................#
#......................#
#.............(........#
#......................#
#......................#
#......................#
#......................#
#########.###########..#


There were no monsters in sight!

Vanquished Creatures
  2 adders (D:2)
  3 oozes
  A worm (D:2)
  3 leopard geckos (D:1)
  2 ball pythons
  3 bats
  2 giant cockroaches (D:1)
  6 hobgoblins
  4 jackals (D:1)
  A frilled lizard (D:2)
  3 kobolds
  A rat (D:2)
31 creatures vanquished.

Vanquished Creatures (others)
  5 toadstools (D:1)
5 creatures vanquished.

Grand Total: 36 creatures vanquished

Notes
Turn   | Place    | Note
-------+----------+-------------------------------------------
     0 | D:1      | Johnny the Demigod Earth Elementalist began the quest for
                  | the Orb.
     0 | D:1      | Reached XP level 1. HP: 14/14 MP: 5/5
   110 | D:1      | Reached skill level 3 in Earth Magic
   526 | D:1      | Reached XP level 2. HP: 13/20 MP: 7/7
  1606 | D:2      | Reached XP level 3. HP: 11/26 MP: 7/9
  1976 | D:2      | Found an ornate altar of the Wu Jian Council.
  2230 | D:2      | Noticed Sigmund
  2250 | D:2      | Slain by Sigmund

Illustrated notes

Levels and vault maps discovered:
D:1:      ldierk_walled_garden, layout_loops_corners
D:2:      layout_basic, lemuel_doored_altar, uniq_sigmund

Skill      XL: |  1 |
---------------+----+-----
Earth Magic    | 3 |  3.8
Spellcasting   | 2 |  2.4
Dodging        | |  1.7
Stealth        | |  1.7
Shields        | |  0.9
Transmutations | |  0.8

Action                   || total
-------------------------++-------
Melee: Mace              ||    66
       Unarmed           ||     2
 Cast: Sandblast         ||    35
  Use: Potion            ||     4
 Stab: Sleeping          ||     3
  Eat: Chunk             ||     4
Armor: Robe              ||     3
       Ring mail         ||    30
Dodge: Dodged            ||    56
